 Dungeon Crawl Stone Soup version 0.29-a0-993-g4a18f31a58 (webtiles) character file.

Game seed: 3442305152482852980

4730 vurker the Cleaver (level 10, -12/64 HPs)
             Began as a Tengu Berserker on Aug 2, 2022.
             Was a Priest of Trog.
             Mangled by Erica
             ... wielding a +4 scimitar of flaming
              (16 damage)
             ... on level 8 of the Dungeon.
             The game lasted 00:12:34 (11341 turns).

vurker the Cleaver (Tengu Berserker)               Turns: 11341, Time: 00:12:35

Health: -12/64     AC: 10    Str: 21    XL:     10   Next: 46%
Magic:  20/20      EV: 11    Int:  9    God:    Trog [***...]
Gold:   347        SH: 14    Dex: 13    Spells: 9/9 levels left

rFire   + . .      SeeInvis .   a - +1 hand axe
rCold   + + +      Faith    .   h - +1 tower shield
rNeg    . . .      Spirit   .   p - +2 ring mail {rC+}
rPois   .          Reflect  .   (helmet restricted)
rElec   .          Harm     .   r - scarf {rC+ rF+}
rCorr   .          Rampage  .   y - +1 pair of gloves
Will    ++...                   (boots unavailable)
Stlth   +.........              (no amulet)
HPRegen 1.20/turn               b - ring of protection from cold
MPRegen 0.17/turn               c - ring of magical power

@: strong-willed, on berserk cooldown, flying quickly and evasively,
regenerating, slowed, very slow
A: beak, talons 3, nimble flight
a: Renounce Religion, Berserk, Trog's Hand


You were on level 8 of the Dungeon.
You worshipped Trog.
Trog was most pleased with you.
You visited 1 branch of the dungeon, and saw 8 of its levels.
You also visited: Sewer.

You collected 347 gold pieces.

Inventory:

Hand Weapons
 a - a +1 hand axe (weapon)
Armour
 h - a +1 tower shield (worn)
   (You found it on level 1 of the Dungeon)
 p - a +2 ring mail of cold resistance (worn)
   (You found it on level 2 of the Dungeon)
 r - a scarf of resistance (worn)
   (You found it on level 4 of the Dungeon)
 y - a +1 pair of gloves (worn)
   (You found it on level 3 of the Dungeon)
Jewellery
 b - a ring of protection from cold (left hand)
   (You found it on level 2 of the Dungeon)
 c - a ring of magical power (right hand)
   (You found it on level 2 of the Dungeon)
 w - a ring of fire
   (You found it on level 5 of the Dungeon)
Wands
 q - a wand of polymorph (23)
   (You took it off a hobgoblin on level 3 of the Dungeon)
 t - a wand of flame (19)
   (You found it on level 6 of the Dungeon)
 v - a wand of digging (2)
   (You took it off Duvessa on level 4 of the Dungeon)
Scrolls
 d - 4 scrolls of teleportation
 f - 4 scrolls of immolation
 g - a scroll of identify
 m - a scroll of fear
 n - a scroll of magic mapping
 o - 3 scrolls of blinking
Potions
 e - 2 potions of might
 i - a potion of invisibility
 j - 3 potions of haste
 k - 4 potions of lignification
 l - 4 potions of curing
 s - 3 potions of mutation
 u - a potion of cancellation


   Skills:
 + Level 8.0 Fighting
 * Level 11.8 Axes
 + Level 5.4 Armour
 + Level 5.4 Dodging
 + Level 4.4 Shields


You had 9 spell levels left.
You didn't know any spells.
Your spell library was empty.

Dungeon Overview and Level Annotations

Branches:
Dungeon (8/15)             Temple (0/1) D:7           Sewer (visited)
   Lair: D:8-11

Altars:
Dithmenos
Makhleb
Nemelex Xobeh
Sif Muna
Trog
Xom
Yredelemnul

Shops:
D:8 =

Annotations:
D:7 1 exclusion
D:8 Erica


Innate Abilities, Weirdness & Mutations

You have a beak for a mouth.
You have claws for feet.
Your magical nature lets you fly swiftly and evasively.


Message History

You closely miss Erica.
Erica hits you with a +4 scimitar of flaming!
Erica burns you.
You hit Erica. Your kick misses Erica.
Erica mumbles some strange words.
Erica flickers and vanishes!
Deactivating autopickup; reactivate with Ctrl-A.
No target in view!
No target in view!
No target in view!
No target in view!
Unknown command.
You closely miss something. Your kick misses something.
Your peck misses something. Something hits you!
You hit something. Your kick misses something. Your peck misses something.
You hear some strange, mumbled words.
A lance of force appears from out of thin air!
The lance of force hits you!
You are knocked back by the lance of force.
You feel a strong urge to attack something.
You are no longer berserk.
You are exhausted.
You feel as though you will be slow longer.
You hit something but do no damage.
You hear some strange, mumbled words.
A lance of force appears from out of thin air!
You block the lance of force. Something completely misses you.
You closely miss something. You claw something! Your peck misses something.
You hear some strange, mumbled words.
A lance of force appears from out of thin air!
You block the lance of force.
You miss something. You block something's attack.
You hear some strange, mumbled words.
A bolt of poison appears from out of thin air!
The bolt of poison hits you!!
You are poisoned.
* * * LOW HITPOINT WARNING * * *
Your skin crawls.
You feel strong-willed.
You feel very sick. Something hits you!
* * * LOW HITPOINT WARNING * * *
You feel better. Something hits you!
* * * LOW HITPOINT WARNING * * *
Something burns you.
* * * LOW HITPOINT WARNING * * *
Something hits you!
You die...

........#...............
........#...........(...
.....(..#.†.##.....#####
........###+##..(..#
......†.#.).#......#
......†.'...#......#
........#...#......#
##+#######...#......#
#......{@....'......#
#............#......#
#............#......#
###+########+########
### ... ... ... ... ...


There were no monsters in sight!

Vanquished Creatures
  A moth of wrath (D:7)
  A troll (D:7)
  Grinder (D:4)
  A wyvern (D:7)
  2 steam dragons (D:5)
  Edmund (D:4)
  A water moccasin (D:6)
  Duvessa (D:4)
  2 orc warriors (D:7)
  A sky beast (D:6)
  3 ice beasts
  2 ogres
  4 centaurs
  2 phantoms
  2 bullfrogs (D:8)
  A necrophage (D:7)
  7 scorpions
  11 wights
  Dowan (D:4)
  3 killer bees (D:8)
  A howler monkey (D:6)
  2 hounds
  3 orc priests
  2 jellies
  Terence (D:2)
  4 iguanas
  An orc wizard (D:7)
  Natasha (thrice) (D:2)
  3 gnolls (D:5)
  13 adders
  3 river rats (Sewer)
  An ufetubus (D:6)
  A worm (D:3)
  3 dart slugs
  11 orcs
  6 bats
  7 endoplasms
  5 giant cockroaches
  4 hobgoblins
  4 jackals (D:3)
  3 kobolds
  6 quokkas
  14 ball pythons
  7 frilled lizards
  9 goblins
  11 rats
176 creatures vanquished.

Vanquished Creatures (others)
  3 fungi (D:5)
3 creatures vanquished.

Grand Total: 179 creatures vanquished

Notes
Turn   | Place    | Note
-------+----------+-------------------------------------------
     0 | D:1      | vurker the Tengu Berserker began the quest for the Orb.
     0 | D:1      | Reached XP level 1. HP: 14/14 MP: 2/2
   148 | D:1      | Reached XP level 2. HP: 14/19 MP: 3/3
   519 | D:1      | Reached skill level 4 in Axes
   859 | D:1      | Reached XP level 3. HP: 15/23 MP: 4/4
  1502 | D:2      | Noticed Natasha
  1509 | D:2      | Killed Natasha
  1599 | D:2      | Noticed Natasha
  1616 | D:2      | Killed Natasha
  1617 | D:2      | Reached XP level 4. HP: 4/29 MP: 5/5
  1975 | D:2      | Noticed Terence
  1981 | D:2      | Killed Terence
  1982 | D:2      | Reached skill level 5 in Axes
  2105 | D:2      | Noticed Natasha
  2110 | D:2      | Killed Natasha
  2111 | D:2      | Gained mutation: Your magical nature lets you fly swiftly
                  | and evasively. [Tengu growth]
  2111 | D:2      | Reached XP level 5. HP: 33/33 MP: 6/6
  2114 | D:2      | Reached ** piety under Trog
  2575 | D:3      | Found a glowing drain.
  2586 | Sewer    | Entered a sewer
  3174 | Sewer    | Reached skill level 6 in Axes
  3265 | Sewer    | Reached XP level 6. HP: 33/39 MP: 7/7
  3461 | D:3      | Found a burning altar of Makhleb.
  3475 | D:3      | HP: 2/58 [poisoned by an adder]
  4542 | D:4      | Noticed Edmund
  4549 | D:4      | Killed Edmund
  4556 | D:4      | HP: 1/40 [phantom (6)]
  4559 | D:4      | Reached skill level 5 in Fighting
  4559 | D:4      | Reached skill level 7 in Axes
  4559 | D:4      | Reached XP level 7. HP: 6/44 MP: 8/8
  4989 | D:4      | Found a shimmering blue altar of Sif Muna.
  4989 | D:4      | Found a shimmering altar of Xom.
  4990 | D:4      | Found a shadowy altar of Dithmenos.
  5084 | D:4      | Found a basalt altar of Yredelemnul.
  5445 | D:4      | Noticed Dowan
  5445 | D:4      | Noticed Duvessa
  5448 | D:4      | Noticed Grinder
  5456 | D:4      | Killed Duvessa
  5456 | D:4      | Killed Dowan
  5457 | D:4      | Reached skill level 8 in Axes
  5461 | D:4      | Killed Grinder
  5462 | D:4      | Reached XP level 8. HP: 34/51 MP: 9/9
  6009 | D:5      | Entered Level 5 of the Dungeon
  6018 | D:5      | Reached skill level 9 in Axes
  6634 | D:5      | Reached skill level 1 in Shields
  6874 | D:6      | Reached skill level 10 in Axes
  6875 | D:6      | Reached XP level 9. HP: 24/54 MP: 10/10
  8040 | D:6      | Found a sparkling altar of Nemelex Xobeh.
  8932 | D:7      | Noticed a moth of wrath
  8988 | D:7      | Found a staircase to the Ecumenical Temple.
  9107 | D:7      | Reached *** piety under Trog
  9108 | D:7      | Reached skill level 11 in Axes
  9534 | D:7      | Reached XP level 10. HP: 36/63 MP: 11/11
  9760 | D:7      | Noticed a manticore
  9847 | D:7      | Noticed a six-headed hydra
  9891 | D:7      | Reached skill level 5 in Armour
  9891 | D:7      | Reached skill level 5 in Dodging
 10738 | D:7      | Found a bloodstained altar of Trog.
 10793 | D:7      | Killed a moth of wrath
 11068 | D:8      | Found Yhud's Jewellery Boutique.
 11323 | D:8      | Noticed Erica
 11340 | D:8      | HP: 2/64 [something (7)]
 11341 | D:8      | Mangled by Erica

Illustrated notes

Levels and vault maps discovered:
D:1:      dpeg_chamrin_arrival_tetris, layout_basic, due_unseen_surprise
D:2:      layout_loops_ring, uniq_terence, uniq_natasha
D:3:      layout_basic, bloody_makhleb, portal_sewer_entry_b,
          serial_corexii_hall, chequers_hall_statues_wall_a,
          corexii_hall_statues_l, lemuel_old_faithful
D:4:      layout_gridville, chequers_temple_overflow_statue_of_worship,
          overflow_temple_1_default, minivault_25, uniq_edmund, uniq_grinder,
          uniq_duvessa
D:5:      kennysheep_steamy, layout_rooms, st_stairs_10, dk_rats_in_the_wall
D:6:      minmay_octagon_keep, layout_basic, nemelex_spade_bored_becter,
          amcnicky_mini_pool_small
D:7:      minmay_chambers_of_sixes, layout_basic, tgw_trog,
          minmay_temple_entry_slanted
D:8:      layout_gridville, gammafunk_temple_overflow_statue, serial_shops,
          nicolae_shop_window_shopping, uniq_prince_ribbit1, uniq_erica

Skill      XL: |  1  2  3  4  5  6  7  8  9 10 |
---------------+-------------------------------+-----
Axes           | 4 5 6 7 8 10 11 | 11.8
Fighting       | 4 5 6 7 8 |  8.0
Shields        | 1 3 4 |  4.4
Armour         | 3 4 5 |  5.4
Dodging        | 3 4 5 |  5.4

Action                   |  1- 3 |  4- 6 |  7- 9 | 10-12 || total
-------------------------+-------+-------+-------+-------++-------
Melee: Hand axe          |    66 |   145 |   241 |    93 ||   545
       Kick              |    16 |    32 |    75 |    31 ||   154
       Peck              |     8 |    22 |    49 |    17 ||    96
Invok: Berserk           |     1 |     4 |     7 |     4 ||    16
       Trog's Hand       |       |     1 |     1 |     2 ||     4
Evoke: Wand              |       |       |       |     1 ||     1
  Use: Scroll            |     6 |     4 |     9 |       ||    19
       Potion            |       |     1 |       |     1 ||     2
 Stab: Sleeping          |     2 |       |       |       ||     2
Armor: Animal skin       |     9 |       |       |       ||     9
       Ring mail         |     6 |    52 |    80 |    23 ||   161
Dodge: Dodged            |    26 |    51 |    78 |    34 ||   189
Block: Tower shield      |    17 |    93 |   181 |    77 ||   368

Table legend: (Time is in decaauts)
 A = Elapsed time spent in this place.
 B = Non-inter-level travel time spent in this place.
 C = Inter-level travel time spent in this place.
 D = Time resting spent in this place.
 E = Time spent auto-exploring this place.
 F = Levels seen in this place.
 G = Mean time per level.
                   A        B        C        D        E       F      G
               +--------+--------+--------+--------+--------+-----+--------+
         Total |  11210 |  10853 |    357 |   1117 |   8145 |   9 | 1245.6 |
       Dungeon |  10410 |  10053 |    357 |    971 |   7625 |   8 | 1301.2 |
         Sewer |    799 |    799 |      0 |    146 |    520 |   1 |  799.0 |
               +--------+--------+--------+--------+--------+-----+--------+

Top non-repeatable levels by time:
     D:6: 1968 daAuts
     D:7: 1928 daAuts
     D:3: 1389 daAuts
     D:1: 1376 daAuts
     D:2: 1250 daAuts
     D:4: 1206 daAuts
     D:5: 896 daAuts
   Sewer: 799 daAuts
     D:8: 394 daAuts
